 Dungeon Crawl Stone Soup version 0.26-a0-663-g36e8fdb655 (webtiles) character file.

Game seed: 9161422467244108924

546 zazu2006 the Magician (level 7, 0/56 HPs)
             Began as a Naga Hedge Wizard on Oct 12, 2020.
             Slain by an ogre
             ... wielding a +0 giant club
              (11 damage)
             ... on level 4 of the Dungeon.
             The game lasted 00:11:31 (4626 turns).

zazu2006 the Magician (Naga Hedge Wizard)           Turns: 4626, Time: 00:11:31

Health: 0/56       AC:  7    Str: 13    XL:     7   Next: 28%
Magic:  1/16       EV: 10    Int: 16    God:
Gold:   212        SH:  0    Dex: 10    Spells: 7/16 levels left

rFire    . . .     SeeInvis +   p - +0 falchion
rCold    . . .     Faith    .   (no shield)
rNeg     . . .     Spirit   .   m - +2 robe {MR+}
rPois    +         Reflect  .   c - +0 hat
rElec    .         Harm     .   k - +1 cloak
rCorr    .         Rampage  .   (no gloves)
MR       +....                  (no barding)
Stlth    ++........             g - amulet of regeneration
HPRegen  0.58/turn              (no ring)
MPRegen  0.15/turn              (no ring)

@: brilliant, stab, flying, very slow
A: large, see invisible, deformed body, high mp 1, poison resistance, slowness
2, spit poison 1, no potion heal 1, AC +2
a: Spit Poison


You were on level 4 of the Dungeon.
You visited 1 branch of the dungeon, and saw 4 of its levels.

You collected 212 gold pieces.

Inventory:

Hand Weapons
 p - a +0 falchion (weapon)
Missiles
 e - 10 poisoned darts (quivered)
Armour
 b - a +0 buckler
 c - a +0 hat (worn)
 k - a +1 cloak (worn)
 m - a +2 robe of magic resistance (worn)
Jewellery
 g - an amulet of regeneration (around neck)
Wands
 h - a wand of polymorph (2)
 r - a wand of random effects (15)
Scrolls
 j - a scroll of immolation {unknown}
 l - 4 scrolls of identify
 o - 3 scrolls of remove curse
 s - a scroll of enchant armour {unknown}
Potions
 a - 2 potions of curing
 i - a potion of brilliance


   Skills:
 + Level 0.4 Fighting
 + Level 1.0 Long Blades
 + Level 2.3 Dodging
 + Level 3.7 Stealth
 + Level 5.2 Spellcasting
 + Level 3.3 Conjurations
   Level 1.0 Summonings
 + Level 1.3 Translocations
 + Level 1.0 Air Magic
 * Level 3.8 Poison Magic


You had 7 spell levels left.
You knew the following spells:

 Your Spells              Type           Power        Failure   Level
a - Magic Dart            Conj           ###.         3%          1
b - Mephitic Cloud        Conj/Pois/Air  ###.....     14%         3
c - Conjure Flame         Conj/Fire      ##......     22%         3
d - Blink                 Tloc           N/A          13%         2

Your spell library contained the following spells:

 Spells                   Type           Power        Failure   Level
 Call Imp                 Summ           ##......     16%         2
 Slow                     Hex            #.......     22%         2


Dungeon Overview and Level Annotations

Branches:
Dungeon (4/15)
 Temple: D:4-7

Altars:
Elyvilon
Okawaru

Annotations:
D:4 Grinder


Innate Abilities, Weirdness & Mutations

You cannot wear boots.
Your serpentine skin is tough. (AC +2)
You have supernaturally acute eyesight. (SInv)
Armour fits poorly on your strangely shaped body.
Your system is resistant to poisons. (rPois)
You cover ground very slowly.
You can spit poison.
You have an increased reservoir of magic. (+10% MP)
Potions are less effective at restoring your health.


Message History

* * * LOW HITPOINT WARNING * * *
The worker ant bites you.
* * * LOW HITPOINT WARNING * * *
Unknown command.
Your system partially rejects the healing.
You feel better. The orc priest barely misses you.
You riposte.
You hit the orc priest but do no damage.
The orc priest is moderately wounded.
Grinder hits you.
* * * LOW HITPOINT WARNING * * *
You writhe in agony.
* * * LOW HITPOINT WARNING * * *
The worker ant waves its antennae.
The worker ant bites you but does no damage.
It was a potion of flight.
You feel very buoyant.
You fly up into the air.
Grinder barely misses you.
The orc priest hits you but does no damage.
The ogre hits you with a +0 giant club!
You die...

≈≈≈.PP≈...# # ....?..
≈P≈.PP....#. .. .##..55.
#≈P.≈........ .. ......
###... ##.......#...##.
..... .........#....#.
...... ##..............##
......
##..##...........##....#
#................O.....#
#..............5@o....#
#............o.##B$..###
##........##...........#
##..#....####..#......+#
#.##..#..###......#....
##.#..#...........##.##
#.....................#
###....#..............##
#...............).....#....


You could see Grinder, an ogre, a worker ant, an orc priest and an orc
(confused).

Vanquished Creatures
  Sigmund (D:2)
  A lemure (D:4)
  2 orc priests (D:3)
  2 orc wizards (D:4)
  A bullfrog skeleton (D:4)
  An iguana (D:4)
  Natasha (thrice) (D:2)
  A hound skeleton (D:4)
  6 adders
  An ooze (D:4)
  A worm (D:3)
  3 dart slugs
  A leopard gecko (D:2)
  8 orcs
  7 bats
  A giant cockroach (D:1)
  5 goblins
  9 hobgoblins
  5 jackals (D:2)
  8 kobolds
  2 ball pythons
  8 frilled lizards
  A quokka skeleton (D:3)
  11 rats
89 creatures vanquished.

Vanquished Creatures (others)
  7 plants (D:4)
7 creatures vanquished.

Grand Total: 96 creatures vanquished

Notes
Turn   | Place    | Note
-------+----------+-------------------------------------------
     0 | D:1      | zazu2006 the Naga Hedge Wizard began the quest for the Orb.
     0 | D:1      | Reached XP level 1. HP: 15/15 MP: 4/4
   198 | D:1      | Reached XP level 2. HP: 11/22 MP: 0/6
   845 | D:1      | Reached XP level 3. HP: 28/28 MP: 5/8
   850 | D:1      | Learned a level 3 spell: Mephitic Cloud
   854 | D:1      | Learned a level 3 spell: Conjure Flame
   857 | D:1      | Learned a level 2 spell: Blink
  1608 | D:2      | Found an iron altar of Okawaru.
  1679 | D:2      | Reached skill level 1 in Poison Magic
  1862 | D:2      | Noticed Sigmund
  1878 | D:2      | Killed Sigmund
  1878 | D:2      | Reached skill level 4 in Spellcasting
  1878 | D:2      | Reached XP level 4. HP: 20/36 MP: 10/10
  1878 | D:2      | Reached XP level 5. HP: 23/42 MP: 11/11
  2189 | D:2      | Noticed Natasha
  2199 | D:2      | Killed Natasha
  2199 | D:2      | Reached XP level 6. HP: 45/49 MP: 10/13
  2896 | D:3      | Found a white marble altar of Elyvilon.
  3093 | D:3      | Reached skill level 5 in Spellcasting
  3707 | D:2      | Noticed Natasha
  3833 | D:2      | Killed Natasha
  4203 | D:2      | Noticed Natasha
  4213 | D:2      | Killed Natasha
  4316 | D:4      | Reached XP level 7. HP: 34/55 MP: 8/14
  4560 | D:4      | Reached skill level 1 in Air Magic
  4571 | D:4      | Noticed Grinder
  4603 | D:4      | Paralysed by Grinder for 7 turns
  4612 | D:4      | Reached skill level 1 in Long Blades
  4612 | D:4      | Paralysed by Grinder for 3 turns
  4613 | D:4      | HP: 1/56 [orc priest/divine providence (12)]
  4623 | D:4      | Gained mutation: Potions are less effective at restoring
                  | your health. [potion of mutation]
  4623 | D:4      | Gained mutation: You have an increased reservoir of magic.
                  | (+10% MP) [potion of mutation]
  4626 | D:4      | Slain by an ogre

Illustrated notes

Levels and vault maps discovered:
D:1:      heliophobic_arrival_ceremonial_halls, layout_loops_ring,
          grunt_decor_cap
D:2:      layout_loops_corners, okawaru_gym_becter, uniq_sigmund, uniq_natasha
D:3:      layout_loops_ring, elyvilon_altar_3, kennysheep_generic_room_4
D:4:      layout_cave_pools, serial_bayou, serial_bayou_pond_e,
          serial_bayou_shore_b, serial_bayou_lake_a, serial_bayou_lagoon_b,
          serial_bayou_pond_c, chequers_serial_rivers_room_a, uniq_grinder,
          uniq_pikel

Skill      XL: |  1  2  3  4  5  6  7 |
---------------+----------------------+-----
Poison Magic   | 2 3 |  3.8
Spellcasting   | 4 5 |  5.2
Conjurations   | 2 3 |  3.3
Dodging        | 2 |  2.3
Air Magic      | 1 |  1.0
Long Blades    | 1 |  1.0
Fighting       | |  0.4
Stealth        | |  3.7
Summonings     | |  1.0
Translocations | |  1.3

Action                   |  1- 3 |  4- 6 |  7- 9 || total
-------------------------+-------+-------+-------++-------
Melee: Dagger            |     7 |     1 |       ||     8
       Falchion          |       |    43 |    55 ||    98
       Rapier            |       |    16 |       ||    16
Throw: Dart              |     3 |     4 |       ||     7
 Cast: Magic Dart        |    68 |    66 |     8 ||   142
       Mephitic Cloud    |       |     5 |     6 ||    11
       Blink             |       |     2 |     2 ||     4
 Abil: Spit Poison       |    15 |    13 |     4 ||    32
Evoke: Wand              |       |     1 |     3 ||     4
  Use: Scroll            |       |     3 |       ||     3
       Potion            |       |       |     6 ||     6
 Stab: Confused          |       |     1 |     1 ||     2
Armor: Robe              |     5 |    30 |    47 ||    82
Dodge: Dodged            |    13 |    40 |    66 ||   119
       Rpst.: Falchion   |       |    11 |    22 ||    33

Table legend: (Time is in decaauts)
 A = Elapsed time spent in this place.
 B = Non-inter-level travel time spent in this place.
 C = Inter-level travel time spent in this place.
 D = Time resting spent in this place.
 E = Time spent auto-exploring this place.
 F = Levels seen in this place.
 G = Mean time per level.
                   A        B        C        D        E       F      G
               +--------+--------+--------+--------+--------+-----+--------+
         Total |   5767 |   5496 |    271 |    122 |   3664 |   4 | 1441.8 |
       Dungeon |   5767 |   5496 |    271 |    122 |   3664 |   4 | 1441.8 |
               +--------+--------+--------+--------+--------+-----+--------+

Top non-repeatable levels by time:
     D:2: 2607 daAuts
     D:1: 1530 daAuts
     D:3: 1192 daAuts
     D:4: 436 daAuts
